 Dungeon Crawl Stone Soup version 0.22.0-38-g04b72b8c25 (webtiles) character file.

97 Ponchio the Skirmisher (level 4, 0/30 HPs)
             Began as a Gargoyle Fighter on Aug 27, 2018.
             Killed from afar by an orc wizard (3 damage)
             ... with a magic dart
             ... on level 3 of the Dungeon.
             The game lasted 00:06:25 (1851 turns).

Ponchio the Skirmisher (Gargoyle Fighter)           Turns: 1851, Time: 00:06:26

Health: 0/30       AC: 12    Str: 19    XL:     4   Next: 68%
Magic:  4/4        EV:  8    Int:  9    God:
Gold:   47         SH:  9    Dex: 10    Spells: 3/3 levels left

rFire    . . .     SeeInvis .   a - +0 flail
rCold    . . .     Gourm    .   c - +0 shield
rNeg     + . .     Faith    .   p - +0 ring mail
rPois    ∞         Spirit   .   l - +0 helmet
rElec    +         Reflect  .   r - +0 cloak
rCorr    .         Harm     .   e - +0 pair of gloves
MR       .....                  (no boots)
Stlth    ..........             (no amulet)
HPRegen  0.10/turn              (no ring)
MPRegen  0.09/turn              (no ring)

@: no status effects
A: negative energy resistance 1, electricity resistance, unbreathing,
petrification resistance, rot immunity, AC +3
a: no special abilities


You were on level 3 of the Dungeon.
You were not hungry.

You visited 1 branch of the dungeon, and saw 3 of its levels.

You collected 47 gold pieces.

Inventory:

Hand Weapons
 a - a +0 flail (weapon)
Armour
 c - a +0 shield (worn)
 e - a +0 pair of gloves (worn)
 l - a +0 helmet (worn)
 p - a +0 ring mail (worn)
 r - a +0 cloak (worn)
Jewellery
 s - a +4 ring of protection {unknown}
Scrolls
 i - 2 scrolls of remove curse
 j - a scroll of amnesia {unknown}
 o - 2 scrolls of enchant weapon {unknown}
 q - a scroll of magic mapping {unknown}
Potions
 b - 2 potions of lignification {unknown}
 d - a potion of might
 g - a potion of resistance {unknown}
 h - 4 potions of curing {unknown}
 k - a potion of heal wounds {unknown}
 m - a potion of magic {unknown}
 n - a potion of haste {unknown}
Comestibles
 f - 2 rations
 t - 2 chunks of flesh


   Skills:
 + Level 4.7 Fighting
 + Level 3.6 Maces & Flails
 - Level 3.2 Armour
 - Level 3.2 Shields


You had 3 spell levels left.
You didn't know any spells.
Your spell library was empty.

Dungeon Overview and Level Annotations

Branches:
Dungeon (3/15)

Altars:
Qazlal


Innate Abilities, Weirdness & Mutations

You are resistant to torment.
Your stone body is resilient. (AC +3)
You are immune to poison.
You resist negative energy. (rN+)
You are resistant to electric shocks. (rElec)
You can survive without breathing.
You are immune to petrification.
You are immune to rotting.


Message History

You closely miss something.
Something hits you but does no damage. x2
You closely miss something. Something hits you but does no damage.
You miss something. Something hits you.
You miss something. Something hits you but does no damage.
You hear some strange, mumbled words.
A puff of flame appears from out of thin air!
The puff of flame hits you!
* * * LOW HITPOINT WARNING * * *
You closely miss something. Something hits you but does no damage.
You hit something but do no damage. Something hits you but does no damage.
You miss something.
You hear some strange, mumbled words.
A magic dart appears from out of thin air!
The magic dart hits you!
* * * LOW HITPOINT WARNING * * *
You miss something.
You hear some strange, mumbled words.
A magic dart appears from out of thin air!
The magic dart hits you!
You die...

#.. .# #.#.# ##.# ###..#
#.#.# #... ..#..# #.#.#
#..# #.#..# #.#.# #..#
#.#oo #.#.# #..# #.{#
#.#.# #..#######@.#
#.#.###.......##).###.#
#.............##.....##
#............^.....≈.≈#
....###.#...^^^.^..^##..
#.### #.......^#≈..## #
..# #.....≈#.#≈.^# #.#
#.###.^.≈.....≈ ..# #.#
#.....(_....


You could see 2 orcs.

Vanquished Creatures
  Terence (D:2)
  3 gnolls (D:3)
  A worm (D:3)
  2 orcs (D:3)
  3 bats (D:1)
  A giant cockroach (D:1)
  3 goblins
  5 hobgoblins
  2 jackals (D:1)
  2 ball pythons
  3 frilled lizards
  10 kobolds
  5 rats
41 creatures vanquished.

Notes
Turn   | Place    | Note
-------+----------+-------------------------------------------
     0 | D:1      | Ponchio the Gargoyle Fighter began the quest for the Orb.
     0 | D:1      | Reached XP level 1. HP: 14/14 MP: 1/1
    87 | D:1      | Reached XP level 2. HP: 17/19 MP: 2/2
   890 | D:2      | Noticed Terence
   902 | D:2      | Killed Terence
   902 | D:2      | Reached skill level 4 in Fighting
   902 | D:2      | Reached XP level 3. HP: 19/24 MP: 3/3
  1608 | D:3      | Reached XP level 4. HP: 30/30 MP: 4/4
  1827 | D:3      | Found a stormy altar of Qazlal.
  1851 | D:3      | Killed from afar by an orc wizard

Skill      XL: |  1  2 |
---------------+-------+-----
Fighting       | 4 |  4.7
Maces & Flails | 3 |  3.6
Armour         | |  3.2
Shields        | |  3.2

Action                   |  1- 3 |  4- 6 || total
-------------------------+-------+-------++-------
Melee: Flail             |   113 |    43 ||   156
  Use: Scroll            |     2 |       ||     2
  Eat: Chunk             |     1 |     2 ||     3
Armor: Scale mail        |    63 |       ||    63
       Ring mail         |    14 |    18 ||    32
Dodge: Dodged            |    45 |     7 ||    52
Block: Shield            |    52 |    14 ||    66
